 Dungeon Crawl Stone Soup version 0.23.0 (webtiles) character file.

Game seed: 6981339761454651829

17385 inmateoo the Martial Artist (level 12, -6/82 HPs)
             Began as an Octopode Transmuter on Feb 15, 2019.
             Was the Champion of Cheibriados.
             Mangled by a death yak (25 damage)
             ... on level 2 of the Lair of Beasts.
             The game lasted 00:30:47 (14236 turns).

inmateoo the Martial Artist (Octopode Transmuter)  Turns: 14236, Time: 00:30:47

Health: -6/82      AC:  5    Str: 24    XL:     12   Next: 47%
Magic:  21/31      EV: 21    Int: 34    God:    Cheibriados [******]
Gold:   730        SH:  0    Dex: 29    Spells: 3/25 levels left

rFire    . . .     SeeInvis +     - Unarmed
rCold    + + .     Gourm    .   (shield currently unavailable)
rNeg     . . .     Faith    .   (helmet restricted)
rPois    +         Spirit   .   x - amulet of regeneration
rElec    .         Reflect  .   n - ring of protection from cold
rCorr    .         Harm     .   q - ring of poison resistance
MR       .....                  y - ring of stealth
Stlth    ++++++....             F - +4 ring of protection
HPRegen  0.63/turn              v - ring of see invisible
MPRegen  0.22/turn              G - ring of magical power
                                (no ring)
                                (no ring)

@: blade tentacles, very slightly contaminated, very slow
A: almost no armour, stealthy swim, amphibious, 8 rings, constrict 8, tentacle
spike 1, camouflage 2, cold resistance 1, sense surroundings 1, gelatinous body
1
a: End Transformation, Bend Time, Temporal Distortion, Slouch, Step From Time,
Renounce Religion


You were on level 2 of the Lair of Beasts.
You worshipped Cheibriados.
Cheibriados was exalted by your worship.
You were not hungry.
You had blades for tentacles.
You visited 3 branches of the dungeon, and saw 13 of its levels.

You collected 730 gold pieces.

Inventory:

Missiles
 a - 216 arrows
Armour
 b - a +1 buckler (melded)
 r - a +0 shield
Jewellery
 n - a ring of protection from cold (left scythe-like blade)
 q - a ring of poison resistance (right scythe-like blade)
 v - a ring of see invisible (on tentacle)
 x - an amulet of regeneration (around mantle)
 y - a ring of stealth (on tentacle)
 E - an uncursed ring of ice
 F - a +4 ring of protection (on tentacle)
 G - a ring of magical power (on tentacle)
Wands
 d - a wand of polymorph (16)
 A - a wand of acid (3)
Scrolls
 e - 6 scrolls of teleportation
 h - 4 scrolls of identify
 j - 10 scrolls of remove curse
 p - 2 scrolls of blinking
 t - a scroll of magic mapping
 u - 3 scrolls of enchant armour
 D - 2 scrolls of enchant weapon
Potions
 f - 4 potions of curing
 g - a potion of invisibility
 k - 3 potions of brilliance
 l - 3 potions of flight
 m - a potion of magic
 o - 4 potions of heal wounds
 s - a potion of agility
 w - 3 potions of might
 z - 2 potions of resistance
 B - a potion of lignification
Miscellaneous
 C - a box of beasts
Comestibles
 c - 25 rations
 H - 4 chunks of flesh


   Skills:
 + Level 7.6 Fighting
 + Level 7.5 Dodging
 - Level 4.0 Stealth
 - Level 5.0 Shields
 + Level 10.0 Unarmed Combat
 * Level 7.0 Spellcasting
 + Level 7.5 Transmutations
 + Level 1.4 Ice Magic
 - Level 7.2 Invocations
 + Level 4.6 Evocations


You had 3 spell levels left.
You knew the following spells:

 Your Spells              Type           Power        Failure   Level  Hunger
a - Beastly Appendage     Tmut           ######       8%          1    None
b - Sticks to Snakes      Tmut           ######..     10%         2    None
c - Spider Form           Tmut/Pois      #####.....   22%         3    None
d - Ice Form              Ice/Tmut       #####...     34%         4    #......
e - Blade Hands           Tmut           ######....   30%         5    ####...
f - Mephitic Cloud        Conj/Pois/Air  ##......     47%         3    None
g - Summon Ice Beast      Ice/Summ       ###.....     69%         4    #......

Your spell library contained the following spells:

 Spells                   Type           Power        Failure   Level  Hunger
 Shock                    Conj/Air       ##..         28%         1    None
 Summon Butterflies       Summ           ##......     28%         1    None
 Poisonous Vapours        Pois/Air       ##....       34%         2    None
 Swiftness                Chrm/Air       ##......     34%         2    None
 Call Canine Familiar     Summ           ##......     47%         3    None
 Conjure Flame            Conj/Fire      ##......     47%         3    None
 Static Discharge         Conj/Air       ##......     47%         3    None
 Airstrike                Air            ##........   77%         4    #......
 Lightning Bolt           Conj/Air       ##........   95%         5    ####...
 Summon Mana Viper        Hex/Summ       ##......     95%         5    ####...
 Freezing Cloud           Conj/Ice/Air   ###.......   100%        6    ######.
 Ring of Flames           Chrm/Fire      ##........   100%        7    #######
 Summon Hydra             Summ           ##........   100%        7    #######


Dungeon Overview and Level Annotations

Branches:
Dungeon (10/15)            Temple (1/1) D:4            Lair (2/6) D:8
 Shoals (0/4) Lair:2
  Snake: Lair:2-4    Spider: Lair:2-4       Orc: D:9-12

Altars:
Ashenzari
Cheibriados
Dithmenos
Elyvilon
Fedhas
Gozag
Hepliaklqana
Kikubaaqudgha
Makhleb
Nemelex Xobeh
Okawaru
Qazlal
Ru
Sif Muna
Trog
Uskayaw
Vehumet
Wu Jian
Xom
Yredelemnul
Zin
The Shining One

Shops:
D:4 }

Annotations:
D:8 1 runed translucent door, ABBCCCDDDD's ghost, journeyman FoAK


Innate Abilities, Weirdness & Mutations

You cannot wear most types of armour.
You are very stealthy in the water. (Stealth+)
You are amphibious.
You can wear up to eight rings at the same time.
You can use your tentacles to constrict eight enemies at once.
Your skin blends seamlessly with your surroundings (Stealth++).
Your rubbery body absorbs attacks. (AC +1, EV +1)
One of your tentacles bears a spike.
Your flesh is cold resistant. (rC+)
You passively map a small area around you.


Message History

You pierce the death yak, but do no damage.
You squeeze the death yak.
The death yak is severely wounded.
The death yak gores you!!
* * * LOW HITPOINT WARNING * * *
Unknown command.
Unknown command.
As you read the scroll of fear, it crumbles to dust.
You assume a fearsome visage.
The death yak resists with almost no effort. x2
The death yak looks frightened! x2; The death yak closely misses you.
Unknown command.
Unknown command.
You slash the death yak!
You pierce the death yak, but do no damage.
You squeeze the death yak, but do no damage.
The death yak is almost dead.
You can drink potions again.
The death yak gores you!!
You die...

..#P.P#......##P.####............
#.............###.# #..#...#..#.#
......#......####.####..#.#.####.
..............#....# #.##......##
.##...#......##....# #.#........#
≈≈###.'.......##..^# #...........
≈≈≈≈###......##....##P.........P#
≈≈≈≈≈≈##.....###.†.....#.##..#..#
#≈≈>≈≈≈#......##@# #.#.#######..P
##≈≈≈≈≈#......##Y#**#............
.##≈≈≈##.....##.Y####P...........
..#####..........................
.......÷..v......................
###P.#..........Y..............?.
##+.##.................#.#PP#.#
,,.........##.##..#.....##.....#
...P#....+... ..#............'


You could see 3 death yaks.

Vanquished Creatures
  Erolcha (D:10)
  A hydra (Lair:1)
  2 two-headed ogres (D:10)
  3 death yaks
  Urug (Lair:2)
  Nergalle (Lair:1)
  Pikel (D:4)
  A manticore (D:10)
  Joseph (D:7)
  A merfolk siren (Lair:2)
  A black mamba (Lair:1)
  6 komodo dragons
  2 trolls (D:7)
  4 hippogriffs
  A spriggan (D:7)
  A wyvern (D:9)
  A basilisk (Lair:1)
  14 yaks
  2 hungry ghosts (D:10)
  2 water moccasins
  A porcupine (Lair:1)
  2 sky beasts
  An orc warrior (D:7)
  A slave (D:4)
  A black bear (D:8)
  A necrophage (D:10)
  A phantom (D:7)
  3 ogres
  5 centaurs
  5 crocodiles
  A big kobold (D:9)
  17 bullfrogs
  4 scorpions
  14 killer bees
  An electric eel (D:8)
  3 crimson imps
  A centaur zombie (D:9)
  A quasit (D:8)
  2 jellies (D:10)
  2 hounds
  3 orc priests
  6 orc wizards
  3 bullfrog skeletons
  An iguana (D:5)
  A hell rat (D:8)
  3 worker ants
  Robin (D:1)
  A howler monkey zombie (D:7)
  11 gnolls
  6 adders
  A river rat (D:7)
  3 shadow imps
  An adder zombie (D:8)
  An adder skeleton (D:5)
  4 worms
  3 dart slugs (D:2)
  6 leopard geckos
  24 orcs
  2 ball pythons
  6 giant cockroaches
  10 goblins
  4 hobgoblins
  9 jackals
  6 quokkas
  8 bats
  5 frilled lizards
  8 kobolds
  A leopard gecko zombie (D:6)
  A quokka skeleton (D:6)
  13 rats
266 creatures vanquished.

Vanquished Creatures (collateral kills)
  A hornet (D:7)
  An ogre (D:4)
  2 killer bees (D:7)
4 creatures vanquished.

Vanquished Creatures (others)
  An adder (D:4)
  2 fungi
  7 plants
10 creatures vanquished.

Grand Total: 280 creatures vanquished

Notes
Turn   | Place    | Note
-------+----------+-------------------------------------------
     0 | D:1      | inmateoo the Octopode Transmuter began the quest for the
                  | Orb.
     0 | D:1      | Reached XP level 1. HP: 13/13 MP: 3/3
   336 | D:1      | Reached skill level 1 in Stealth
   919 | D:2      | Noticed Robin
   920 | D:2      | Reached XP level 2. HP: 17/18 MP: 5/5
   962 | D:1      | Learned a level 2 spell: Sticks to Snakes
   986 | D:1      | Killed Robin
  1075 | D:2      | Reached XP level 3. HP: 23/23 MP: 6/6
  1091 | D:1      | Learned a level 3 spell: Spider Form
  1269 | D:2      | Reached skill level 1 in Shields
  1339 | D:2      | Reached XP level 4. HP: 25/28 MP: 4/7
  2226 | D:3      | Found a faded altar of an unknown god.
  2484 | D:3      | Reached XP level 5. HP: 27/33 MP: 8/8
  2957 | D:3      | Reached XP level 6. HP: 36/38 MP: 9/9
  3306 | D:4      | Found an opulent altar of Gozag.
  3336 | D:4      | Found a sparkling altar of Nemelex Xobeh.
  3628 | D:4      | Noticed a slave
  3648 | D:4      | Killed a slave
  4255 | D:4      | Found a staircase to the Ecumenical Temple.
  4261 | Temple   | Entered the Ecumenical Temple
  4299 | Temple   | Became a worshipper of Cheibriados the Contemplative
  4373 | D:4      | Found Juesch's Gadget Shop.
  4492 | D:4      | Noticed a slave
  4493 | D:4      | Noticed Pikel
  4521 | D:4      | Noticed a slave
  4536 | D:4      | Killed Pikel
  4536 | D:4      | Reached skill level 5 in Transmutations
  4536 | D:4      | Reached XP level 7. HP: 32/43 MP: 3/12
  4805 | D:5      | Entered Level 5 of the Dungeon
  4826 | D:5      | Reached XP level 8. HP: 37/48 MP: 13/13
  4863 | D:5      | Learned a level 5 spell: Blade Hands
  5079 | D:5      | Reached skill level 5 in Shields
  5133 | D:5      | Found an opulent altar of Gozag.
  5701 | D:6      | Found a basalt altar of Yredelemnul.
  5724 | D:6      | Reached * piety under Cheibriados
  6292 | D:6      | Found a glowing silver altar of Zin.
  6293 | D:6      | Found a shimmering altar of Xom.
  6294 | D:6      | Found a shattered altar of Ashenzari.
  6294 | D:6      | Found a burning altar of Makhleb.
  6294 | D:6      | Found a hazy altar of Hepliaklqana.
  6341 | D:6      | Got a faintly glowing scale mail
  6882 | D:6      | Found a stormy altar of Qazlal.
  7052 | D:7      | Reached XP level 9. HP: 59/59 MP: 11/14
  7120 | D:7      | Noticed a hornet
  7129 | D:7      | Got an encrusted scale mail
  7135 | D:7      | Learned a level 4 spell: Ice Form
  7198 | D:7      | Reached skill level 5 in Dodging
  7255 | D:7      | Reached ** piety under Cheibriados
  7394 | D:7      | Found a radiant altar of Vehumet.
  7400 | D:7      | Noticed a troll
  7404 | D:7      | Reached skill level 5 in Fighting
  7422 | D:7      | Killed a troll
  7742 | D:7      | Found an ornate altar of the Wu Jian Council.
  7991 | D:7      | Killed a hornet
  8074 | D:7      | Reached skill level 4 in Unarmed Combat
  8399 | D:7      | Reached skill level 5 in Unarmed Combat
  8407 | D:7      | Reached *** piety under Cheibriados
  8652 | D:7      | Noticed Joseph
  8661 | D:7      | Killed Joseph
  8661 | D:7      | Reached skill level 7 in Unarmed Combat
  8661 | D:7      | Reached XP level 10. HP: 36/68 MP: 9/15
  8837 | D:8      | Found a staircase to the Lair.
  8837 | D:8      | Noticed a death yak
  8837 | D:8      | Noticed a death yak
  8839 | D:8      | Noticed a death yak
  9016 | D:8      | Found a blossoming altar of Fedhas.
  9288 | D:8      | Reached **** piety under Cheibriados
  9369 | D:9      | Reached skill level 8 in Unarmed Combat
  9394 | D:9      | Reached skill level 1 in Invocations
  9691 | D:9      | Found a hide-covered altar of Uskayaw.
  9916 | D:9      | Reached skill level 9 in Unarmed Combat
  9954 | D:9      | Gained mutation: You tend to lose your temper in combat.
                  | [mutagenic glow]
  9986 | D:9      | Gained mutation: You are occasionally teleported next to
                  | monsters. [mutagenic glow]
  9988 | D:9      | Lost mutation: You tend to lose your temper in combat.
                  | [potion of mutation]
  9988 | D:9      | Lost mutation: You are occasionally teleported next to
                  | monsters. [potion of mutation]
  9988 | D:9      | Gained mutation: Your flesh is cold resistant. (rC+)
                  | [potion of mutation]
  9988 | D:9      | Gained mutation: Your skin blends seamlessly with your
                  | surroundings (Stealth++). [potion of mutation]
  9988 | D:9      | Gained mutation: You passively map a small area around you.
                  | [potion of mutation]
  9988 | D:9      | Gained mutation: One of your tentacles bears a spike.
                  | [potion of mutation]
 10128 | D:9      | Reached ***** piety under Cheibriados
 10232 | D:10     | Entered Level 10 of the Dungeon
 10249 | D:10     | Noticed Erolcha
 10254 | D:10     | Killed Erolcha
 10459 | D:10     | Noticed a two-headed ogre
 10487 | D:10     | Killed a two-headed ogre
 10487 | D:10     | Reached XP level 11. HP: 37/72 MP: 6/16
 10627 | D:10     | Reached skill level 1 in Evocations
 10701 | D:10     | Noticed a manticore
 10712 | D:10     | Killed a manticore
 10867 | D:10     | Identified the +6 scale mail "Lyacesh" {MR+} (You found it
                  | on level 6 of the Dungeon)
 10869 | D:10     | Identified the +4 scale mail "Boqonn" {MR+ Str+4 Dex-2
                  | SInv} (You found it on level 7 of the Dungeon)
 10906 | D:10     | Noticed a two-headed ogre
 10941 | D:10     | Killed a two-headed ogre
 11570 | D:7      | Killed a death yak
 11674 | D:7      | Killed a death yak
 11674 | D:7      | Reached skill level 5 in Spellcasting
 11822 | D:8      | Killed a death yak
 12016 | D:8      | Found a runed translucent door.
 12020 | D:8      | Noticed ABBCCCDDDD's ghost (journeyman FoAK)
 12029 | D:8      | Identified the +9 spear of the Chickpea {speed, *Contam
                  | rElec Str+3 Stlth+}
 12468 | Lair:1   | Entered Level 1 of the Lair of Beasts
 12690 | Lair:1   | Noticed Nergalle
 12718 | Lair:1   | Reached XP level 12. HP: 56/81 MP: 13/21
 12748 | Lair:1   | Learned a level 3 spell: Mephitic Cloud
 12828 | Lair:1   | Killed Nergalle
 12998 | Lair:1   | Noticed a six-headed hydra
 13007 | Lair:1   | Killed a six-headed hydra
 13285 | Lair:1   | Learned a level 4 spell: Summon Ice Beast
 13372 | Lair:1   | You fall through a shaft!
 13496 | Lair:2   | Found a staircase to the Shoals.
 13540 | Lair:2   | Noticed a death yak
 13563 | Lair:2   | Noticed a death yak
 13567 | Lair:2   | Reached ****** piety under Cheibriados
 13599 | Lair:2   | Noticed Urug
 13608 | Lair:2   | Killed Urug
 13608 | Lair:2   | Reached skill level 10 in Unarmed Combat
 13608 | Lair:2   | Reached skill level 1 in Ice Magic
 14227 | Lair:2   | Noticed a death yak
 14229 | Lair:2   | Noticed a death yak
 14236 | Lair:2   | Mangled by a death yak

Skill      XL: |  1  2  3  4  5  6  7  8  9 10 11 12 |
---------------+-------------------------------------+-----
Stealth        | 1 2 3 4 |  4.0
Shields        | 1 2 3 4 5 |  5.0
Transmutations | 3 5 6 7 |  7.5
Spellcasting   | 3 6 7 |  7.0
Fighting       | 4 6 7 |  7.6
Dodging        | 4 6 7 |  7.5
Unarmed Combat | 7 9 10 | 10.0
Invocations    | 7 |  7.2
Evocations     | 3 4 |  4.6
Ice Magic      | 1 |  1.4

Action                   |  1- 3 |  4- 6 |  7- 9 | 10-12 || total
-------------------------+-------+-------+-------+-------++-------
Melee: Unarmed           |    71 |   138 |   264 |   283 ||   756
       Constrict         |    16 |    26 |    27 |    37 ||   106
       Tentacles         |     6 |    24 |    31 |    85 ||   146
       Punch             |       |     2 |     6 |    31 ||    39
       Kick              |       |       |     8 |    94 ||   102
 Cast: Spider Form       |     1 |     5 |    11 |     1 ||    18
       Sticks to Snakes  |       |     7 |    13 |    16 ||    36
       Beastly Appendage |       |       |     6 |       ||     6
       Ice Form          |       |       |     5 |     3 ||     8
       Blade Hands       |       |       |     1 |    26 ||    27
       Mephitic Cloud    |       |       |       |     1 ||     1
 Abil: End Transformatio |       |     1 |     1 |     3 ||     5
Evoke: Wand              |       |       |       |     8 ||     8
  Use: Scroll            |       |    11 |    10 |    12 ||    33
       Potion            |       |       |       |     2 ||     2
 Stab: Sleeping          |     3 |     9 |    12 |    11 ||    35
       Distracted        |       |     1 |     1 |     3 ||     5
  Eat: Chunk             |     1 |     9 |     6 |    21 ||    37
       Ration            |       |     1 |     1 |       ||     2
Armor: Skin              |     8 |     5 |    16 |    21 ||    50
Dodge: Dodged            |    52 |    68 |   215 |   253 ||   588
Block: Buckler           |     7 |    13 |    31 |    60 ||   111
